 Dungeon Crawl Stone Soup version 0.29-a0-575-g0dc89cf053 (webtiles) character file.

Game seed: 3637875718497815406

7 spiderkeys the Skirmisher (level 2, -2/26 HPs)
             Began as a Meteoran Abyssal Knight on June 12, 2022.
             Was a Believer of Lugonu.
             Frozen to death by an endoplasm (3 damage)
             ... on level 1 of the Dungeon.
             The game lasted 00:00:33 (109 turns).

spiderkeys the Skirmisher (Meteoran Abyssal Knight)  Turns: 109, Time: 00:00:33

Health: -2/26      AC:  3    Str: 14    XL:     2   Next: 23%
Magic:  4/4        EV: 11    Int: 11    God:    Lugonu [**....]
Gold:   16         SH:  0    Dex: 14    Spells: 1/1 levels left

rFire   . . .      SeeInvis .   a - +1 spear
rCold   . . .      Faith    .   (no shield)
rNeg    . . .      Spirit   .   b - +0 leather armour
rPois   .          Reflect  .   (no helmet)
rElec   .          Harm     .   (no cloak)
rCorr   .          Rampage  .   (no gloves)
Will    .....                   (no boots)
Stlth   +.........              (no amulet)
HPRegen 0.08/turn               (no ring)
MPRegen 0.09/turn               (no ring)

@: glowing
A: sense surroundings 1, otherworldly, glowing, explore regen
a: Renounce Religion, Depart the Abyss, Bend Space


You were on level 1 of the Dungeon.
You worshipped Lugonu.
Lugonu was pleased with you.
You visited 1 branch of the dungeon, and saw 1 of its levels.
You visited the Abyss 1 time.

You collected 16 gold pieces.


Innate Abilities, Weirdness & Mutations

You passively map a small area around you.
You are easily found by Zot.
You glow in the dark.
You regain HP and MP as you explore.


   Skills:
 + Level 3.4 Fighting
 + Level 2.6 Polearms
 + Level 2.6 Armour
 + Level 1.5 Dodging
 + Level 2.6 Invocations


You had one spell level left.
You didn't know any spells.
Your spell library was empty.

Inventory:

Hand Weapons
 a - a +1 spear (weapon)
Armour
 b - a +0 leather armour (worn)
Scrolls
 d - a scroll of poison {!r}

Dungeon Overview and Level Annotations

Branches:
Dungeon (1/15)

Altars:

* , . , .. , ... , *
.... * #########
,..... ,
........######......
#######.....@Jl.....
, * #.......gB.##.##
, ##>########.# ,
##..### *.#* #.....#
# * #.###.# ,, , ,
#.#⌠#.# ** * *
#.###.# #.....# ,


You could see an endoplasm, a giant cockroach, a hobgoblin and a frilled lizard.


Message History

The hobgoblin moves out of view.
You see here a +0 whip.
You hit the giant cockroach. Your punch misses the giant cockroach.
A frilled lizard comes into view.
A goblin comes into view. It is wielding a +0 dagger.
The giant cockroach bites you but does no damage.
You hit the giant cockroach but do no damage.
The giant cockroach closely misses you.
You closely miss the giant cockroach. The giant cockroach barely misses you.
The hobgoblin hits you. 😕 HP[-2]
You take 2 damage, and now have 24/26 hp.
You completely miss the giant cockroach.
The giant cockroach bites you. The hobgoblin hits you.
An endoplasm comes into view.
The giant cockroach closely misses you. 😕 HP[-3]
You take 3 damage, and now have 21/26 hp.
The endoplasm quivers.
You hit the giant cockroach but do no damage.
The hobgoblin hits you but does no damage.
The giant cockroach bites you but does no damage.
A giant cockroach comes into view.
You closely miss the giant cockroach. The giant cockroach barely misses you.
You hit the giant cockroach but do no damage.
The hobgoblin hits you. The goblin hits you but does no damage.
The giant cockroach bites you but does no damage. 😮 HP[-2]
You take 2 damage, and now have 19/26 hp.
You are too injured to fight recklessly!
You are too injured to fight recklessly!
You closely miss the goblin. The giant cockroach bites you.
The hobgoblin hits you. The goblin closely misses you. 😮 HP[-2]
You take 2 damage, and now have 17/26 hp.
You closely miss the goblin. The giant cockroach barely misses you.
The hobgoblin hits you but does no damage.
The goblin hits you but does no damage. The giant cockroach closely misses you.
You closely miss the goblin. The hobgoblin hits you.
* * * LOW HITPOINT WARNING * * *
The goblin hits you with a +0 dagger.
* * * LOW HITPOINT WARNING * * *
The giant cockroach bites you.
* * * LOW HITPOINT WARNING * * *
😨 HP[-7]
You take 7 damage, and now have 10/26 hp.
MASSIVE DAMAGE!! (PAUSE)
You barely miss the goblin. The hobgoblin hits you.
* * * LOW HITPOINT WARNING * * *
The goblin hits you but does no damage.
The giant cockroach closely misses you. 😨 HP[-1]
You take 1 damage, and now have 9/26 hp.
You hit the goblin.
You kill the goblin!
Lugonu accepts your kill. The hobgoblin hits you.
* * * LOW HITPOINT WARNING * * *
The giant cockroach bites you but does no damage. 😱 HP[-4]
You take 4 damage, and now have 5/26 hp.
You hit the giant cockroach.
You kill the giant cockroach!
Lugonu accepts your kill. The hobgoblin closely misses you.
The giant cockroach barely misses you.
You hit the hobgoblin but do no damage.
The giant cockroach bites you but does no damage.
The hobgoblin hits you but does no damage.
The endoplasm barely misses you.
You hit the hobgoblin but do no damage. The giant cockroach bites you.
* * * LOW HITPOINT WARNING * * *
The hobgoblin hits you but does no damage.
The endoplasm hits you but does no damage.
The giant cockroach misses you. 😱 HP[-1]
You take 1 damage, and now have 4/26 hp.
You barely miss the hobgoblin. The hobgoblin hits you.
* * * LOW HITPOINT WARNING * * *
The endoplasm freezes you.
You are frozen.
* * * LOW HITPOINT WARNING * * *
The giant cockroach bites you.
* * * LOW HITPOINT WARNING * * *
😱 HP[-3]
You take 3 damage, and now have 1/26 hp.
You aren't carrying any potions.
As you read the scroll labelled GOSTRO TOTO, it crumbles to dust.
It is a scroll of amnesia.
You feel forgetful for a moment.
The hobgoblin hits you but does no damage.
The endoplasm hits you.
* * * LOW HITPOINT WARNING * * *
The giant cockroach closely misses you.
As you read the scroll labelled PIGRIS KEDIZOAFEA, it crumbles to dust.
It is a scroll of identify.
d - a scroll of poison The hobgoblin hits you but does no damage.
The giant cockroach closely misses you. The endoplasm freezes you.
You are frozen.
You die...

Action                   || total
-------------------------++-------
Melee: Spear             ||    34
  Use: Scroll            ||     2
Armor: Leather armour    ||    19
Dodge: Dodged            ||    29

Levels and vault maps discovered:
D:1:      dpeg_arrival_windows_large_door, layout_loops_ring,
          serial_bayou_pond_d, feat_on_display

Notes
Turn   | Place    | Note
-------+----------+-------------------------------------------
     0 | Abyss:1  | spiderkeys the Meteoran Abyssal Knight began the quest for
                  | the Orb.
     0 | Abyss:1  | Reached XP level 1. HP: 19/19 MP: 3/3
     0 | Abyss:1  | magus.rc [v1.11.3]
    13 | D:1      | You pass through the gate.
    13 | D:1      | Escaped the Abyss
    90 | D:1      | Reached XP level 2. HP: 26/26 MP: 4/4
   103 | D:1      | HP: 5/26 [hobgoblin (4)]
   107 | D:1      | HP: 2/26 [frozen (1)]
   109 | D:1      | Frozen to death by an endoplasm

Vanquished Creatures
  A giant cockroach (D:1)
  2 goblins (D:1)
  2 hobgoblins (D:1)
  A kobold (D:1)
6 creatures vanquished.

Table legend:
 A = Non-vault XP
 B = Vault XP
 C = Vault XP percentage of total XP
 D = Non-vault monster count
 E = Vault monster count
 F = Vault count percentage of total count
                 A         B        C        D         E       F
            +---------+---------+-------+---------+---------+-------
      Total |      11 |       0 |   0.0 |       6 |       0 |   0.0
            +---------+---------+-------+---------+---------+-------
        D:1 |      11 |       0 |   0.0 |       6 |       0 |   0.0
            +---------+---------+-------+---------+---------+-------

Illustrated notes

Table legend:
 A = Kills in this place as a percentage of kills in entire the game.
 B = Kills by you in this place as a percentage of kills by you in the entire game.
 C = Kills by friends in this place as a percentage of kills by friends in the entire game.
 D = Other kills in this place as a percentage of other kills in the entire game.
 E = Experience gained in this place as a percentage of experience gained in the entire game.
 F = Experience gained in this place divided by the number of levels of this place that you have seen.
                   A       B       C       D       E      F
               +-------+-------+-------+-------+-------+----------------------
         Total | 100.0 | 100.0 |   N/A |   N/A | 100.0 |   5.5
       Dungeon | 100.0 | 100.0 |   N/A |   N/A | 100.0 |  11.0
               +-------+-------+-------+-------+-------+----------------------

Table legend: (Time is in decaauts)
 A = Elapsed time spent in this place.
 B = Non-inter-level travel time spent in this place.
 C = Inter-level travel time spent in this place.
 D = Time resting spent in this place.
 E = Time spent auto-exploring this place.
 F = Levels seen in this place.
 G = Mean time per level.
                   A        B        C        D        E       F      G
               +--------+--------+--------+--------+--------+-----+--------+
         Total |    109 |     75 |     34 |      0 |      6 |   2 |   54.5 |
       Dungeon |     95 |     61 |     34 |      0 |      6 |   1 |   95.0 |
         Abyss |     13 |     13 |      0 |      0 |      0 |   1 |   13.0 |
               +--------+--------+--------+--------+--------+-----+--------+

Top non-repeatable levels by time:
     D:1: 95 daAuts
 Abyss:1: 13 daAuts
